 Dungeon Crawl Stone Soup version 0.29.1-1-gd02db6906a (webtiles) character file.

Game seed: 11814368024387320391

975 H0rd4k the Insei (level 8, -1/50 HPs)
             Began as an Octopode Transmuter on Oct 18, 2022.
             Was an Initiate of Gozag.
             Constricted to death by Pikel (7 damage)
             ... on level 6 of the Dungeon.
             The game lasted 00:07:06 (5950 turns).

H0rd4k the Insei (Octopode Transmuter)              Turns: 5950, Time: 00:07:06

Health: -1/50      AC:  1    Str: 10    XL:     8   Next: 16%
Magic:  13/13      EV: 15    Int: 17    God:    Gozag
Gold:   347        SH:  0    Dex: 12    Spells: 13/14 levels left

rFire   . . .      SeeInvis .     - Unarmed
rCold   + . .      Faith    .   (no shield)
rNeg    . . .      Spirit   .   (helmet restricted)
rPois   .          Reflect  .   (no amulet)
rElec   .          Harm     .   c - ring of ice
rCorr   .          Rampage  .   k - +4 ring of evasion
Will    +....                   s - ring of willpower
Stlth   ++........              o - ring of protection from fire
HPRegen 0.16/turn               (no ring)
MPRegen 0.13/turn               (no ring)
                                (no ring)
                                (no ring)

@: grasped by roots, constricted
A: almost no armour, amphibious, 8 rings, camouflage 1, gelatinous body 1,
(nimble swimmer 1), tentacles
a: Renounce Religion, Potion Petition, Call Merchant, Bribe Branch


You were on level 6 of the Dungeon.
You worshipped Gozag.
Gozag was aware of your devotion.
You visited 2 branches of the dungeon, and saw 8 of its levels.

You collected 430 gold pieces.
You paid 83 gold pieces to Gozag.

Inventory:

Missiles
 t - 3 poisoned darts
Jewellery
 c - a ring of ice (left tentacle)
 k - a +4 ring of evasion (right tentacle)
 o - a ring of protection from fire (on tentacle)
 s - a ring of willpower (on tentacle)
Wands
 n - a wand of roots (13)
Scrolls
 b - a scroll of vulnerability {unknown}
 e - 2 scrolls of brand weapon {unknown}
 f - 3 scrolls of identify {unknown}
 h - 2 scrolls of teleportation {unknown}
 l - 2 scrolls of fog {unknown}
 m - a scroll of fear {unknown}
 p - 3 scrolls of amnesia {unknown}
 u - a scroll of immolation {unknown}
Potions
 a - a potion of lignification
 d - a potion of brilliance {unknown}
 g - a potion of ambrosia {unknown}
 i - a potion of degeneration {unknown}
 j - 2 potions of cancellation {unknown}
 q - a potion of might {unknown}
 r - 2 potions of resistance
 v - a potion of flight {unknown}


   Skills:
 + Level 2.2 Fighting
 + Level 3.7 Dodging
 + Level 7.2 Unarmed Combat
 + Level 3.9 Spellcasting
 + Level 3.4 Transmutations
 + Level 1.2 Evocations


You had 13 spell levels left.
You knew the following spells:

 Your Spells              Type           Power      Damage    Failure   Level
a - Beastly Appendage     Tmut           28%        N/A       4%          1

Your spell library contained the following spells:

 Spells                   Type           Power      Damage    Failure   Level
 Wereblood                Tmut           14%        N/A       6%          2
 Spider Form              Tmut/Pois      9%         N/A       24%         3
 Confusing Touch          Hex            3%         N/A       43%         3
 Summon Guardian Golem    Hex/Summ       3%         N/A       43%         3
 Ice Form                 Ice/Tmut       13%        N/A       61%         4
 Yara's Violent Unravell  Hex/Tmut       4%         3d4       91%         5
 Enfeeble                 Hex            1%         N/A       100%        7
 Orb of Destruction       Conj           1%         9d5       100%        7
 Spellforged Servitor     Conj/Summ      1%         N/A       100%        7


Dungeon Overview and Level Annotations

Branches:
Dungeon (7/15)             Temple (1/1) D:5

Altars:
Ashenzari
Cheibriados
Dithmenos
Elyvilon
Fedhas
Gozag
Hepliaklqana
Kikubaaqudgha
Makhleb
Nemelex Xobeh
Qazlal
Ru
Sif Muna
Uskayaw
Vehumet
Wu Jian
Xom
Zin
The Shining One

Annotations:
D:3 exclusion: upstairs
D:4 exclusions: downstairs and upstairs
D:5 exclusions: downstairs and scorpion
D:6 exclusion: downstairs, Pikel


Innate Abilities, Weirdness & Mutations

You cannot wear most types of armour.
You are amphibious.
You can wear up to eight rings at the same time.
Your skin changes colour to match your surroundings (Stealth+).
Your rubbery body absorbs attacks. (AC +1, EV +1)
((You are camouflaged when in or above water. (Stealth+)))
You have tentacles for arms and can constrict up to eight enemies at once.


Message History

Your transformation is almost over.
You constrict the lemure. The lemure misses you.
You tentacle-slap the lemure.
You kill the lemure!
That felt strangely unrewarding.
A lemure comes into view.
You barely miss the lemure. You grab the lemure.
You pierce the lemure.
You squeeze the lemure!
The lemure is heavily wounded.
You constrict the lemure, but do no damage.
The lemure barely misses you.
You bludgeon the lemure!
The lemure is severely wounded.
You constrict the lemure, but do no damage.
Pikel zaps a wand.
The roots erupt in riotous growth!
The lemure is unaffected.
Pikel is unaffected.
The grasping roots grab you! The grasping roots constrict you!
The lemure hits you!
You barely miss the lemure. You squeeze the lemure.
The lemure is severely wounded.
You constrict the lemure. The grasping roots constrict you!
The lemure hits you!
* * * LOW HITPOINT WARNING * * *
You tentacle-slap the lemure.
The lemure is almost dead.
You constrict the lemure. The grasping roots constrict you.
* * * LOW HITPOINT WARNING * * *
The lemure misses you.
You tentacle-slap the lemure.
You kill the lemure!
That felt strangely unrewarding.
The grasping roots constrict you.
* * * LOW HITPOINT WARNING * * *
The grasping roots release their grip on you.
You closely miss Pikel. Your grab misses Pikel.
Your tentacle spike disappears.
Pikel zaps a wand.
The roots erupt in riotous growth!
The grasping roots grab you!
Pikel is unaffected.
The grasping roots constrict you!
You die...
Your body crumbles into a pile of gold.

#.......##.....##.....####...#
#.......##.....####...# #...#
#........[.....# ##..## #....
#.......##.....## #...###..##
#.......####....# #.#..##..#
######<## #....####.##..#..##
#.# ##5.......###.#..## #.#
#K#.#.##.......... #)####
#@#...##.###.)#... #....#
#.###.##.# #..#... ####.#
#...#.##.# #..#...
#.#####.#....###..#.#.
#....##.#.#.......#.#.
####.##.#.#.###...#.#.
#.....z..# #..z#...
########..##.###......# #...##
#...............


You could see Pikel and a lemure.

Vanquished Creatures
  A sky beast (D:6)
  An ice beast (D:6)
  3 lemures (D:6)
  A phantom (D:5)
  A centaur (D:5)
  A scorpion (D:4)
  A gnoll sergeant (D:5)
  3 wights (D:6)
  3 hounds
  A jelly (D:6)
  Ijyb (D:5)
  2 iguanas (D:5)
  An orc wizard (D:5)
  4 gnolls (D:5)
  6 adders
  2 worms
  A dart slug (D:1)
  2 orcs
  2 bats
  5 endoplasms
  A giant cockroach (D:4)
  2 goblins
  5 hobgoblins
  6 jackals
  8 kobolds
  3 quokkas
  4 ball pythons
  4 frilled lizards
  3 rats
78 creatures vanquished.

Vanquished Creatures (others)
  2 plants (D:3)
2 creatures vanquished.

Grand Total: 80 creatures vanquished

Notes
Turn   | Place    | Note
-------+----------+-------------------------------------------
     0 | D:1      | H0rd4k the Octopode Transmuter began the quest for the Orb.
     0 | D:1      | Reached XP level 1. HP: 13/13 MP: 3/3
   301 | D:1      | Reached XP level 2. HP: 8/18 MP: 5/5
  1318 | D:2      | Reached XP level 3. HP: 15/23 MP: 6/6
  1899 | D:4      | Noticed a scorpion
  1910 | D:4      | Killed a scorpion
  1911 | D:4      | Reached skill level 4 in Unarmed Combat
  1911 | D:4      | Reached XP level 4. HP: 13/28 MP: 6/8
  2345 | D:4      | Found a hazy altar of Hepliaklqana.
  2614 | D:4      | Reached XP level 5. HP: 14/33 MP: 9/9
  3237 | D:5      | Entered Level 5 of the Dungeon
  3237 | D:5      | Noticed Ijyb
  3243 | D:5      | Killed Ijyb
  3244 | D:5      | Reached skill level 5 in Unarmed Combat
  3484 | D:5      | Found a sacrificial altar of Ru.
  3692 | D:5      | Found a radiant altar of Vehumet.
  3694 | D:5      | Noticed a centaur
  3870 | D:5      | Reached XP level 6. HP: 38/38 MP: 8/10
  4066 | D:5      | Found a staircase to the Ecumenical Temple.
  4114 | Temple   | Entered the Ecumenical Temple
  4255 | Temple   | Became a worshipper of Gozag Ym Sagoz the Greedy
  4354 | D:5      | Reached skill level 6 in Unarmed Combat
  4354 | D:5      | Reached XP level 7. HP: 15/44 MP: 11/11
  4614 | D:5      | Found a shadowy altar of Dithmenos.
  5465 | D:5      | Reached skill level 7 in Unarmed Combat
  5465 | D:5      | Reached skill level 1 in Evocations
  5465 | D:5      | Reached XP level 8. HP: 27/50 MP: 13/13
  5893 | D:6      | Noticed Pikel
  5950 | D:6      | Constricted to death by Pikel

Illustrated notes

Levels and vault maps discovered:
D:1:      minmay_arrival_semitransparent, layout_loops_cross
D:2:      layout_rooms, nicolae_wormholes
D:3:      layout_loops_corners, shapermc_ecumenical_altar_rom_forum
D:4:      layout_basic, mainiacjoe_overflow_chevrons
D:5:      layout_basic, mainiacjoe_overflow_catwalk_spiral,
          nicolae_ru_great_annihilating_truth, minmay_temple_entry_arrows,
          uniq_ijyb
D:6:      layout_rooms, uniq_pikel
D:7:      layout_cave_pools, serial_undead, serial_undead_d, serial_undead_c,
          serial_undead_c, serial_undead_d, serial_shops, shop
Temple:   minmay_freezing_vapour_temple

Skill      XL: |  1  2  3  4  5  6  7 |
---------------+----------------------+-----
Unarmed Combat | 4 5 6 7 |  7.2
Spellcasting   | 3 |  3.9
Dodging        | 3 |  3.7
Fighting       | 2 |  2.2
Transmutations | 3 |  3.4
Evocations     | 1 |  1.2

Action                   |  1- 3 |  4- 6 |  7- 9 || total
-------------------------+-------+-------+-------++-------
Melee: Unarmed           |    83 |    70 |    66 ||   219
       Tentacles         |    19 |    21 |    16 ||    56
       Constrict         |    21 |    19 |    11 ||    51
       Kick              |     5 |    15 |    24 ||    44
       Punch             |       |     2 |     3 ||     5
 Cast: Beastly Appendage |     4 |     7 |    13 ||    24
Evoke: Wand              |       |     2 |     6 ||     8
  Use: Potion            |     2 |       |       ||     2
 Stab: Sleeping          |     7 |     3 |       ||    10
       Paralysed         |       |     1 |       ||     1
Armor: Skin              |     2 |     4 |       ||     6
Dodge: Dodged            |    43 |    43 |    39 ||   125
